 Dungeon Crawl Stone Soup version 0.31.0-9-g3a7656b989 (webtiles) character file.

Game seed: 15709885675242701992

196 Hopman the Magician (level 5, -1/28 HPs)
             Began as a Tengu Hedge Wizard on Jan 29, 2024.
             Slain by a gnoll
             ... wielding a +0 halberd
              (10 damage)
             ... on level 3 of the Dungeon on Feb 4, 2024.
             The game lasted 00:10:42 (3593 turns).

Hopman the Magician (Tengu Hedge Wizard)            Turns: 3593, Time: 00:10:42

Health: -1/28      AC:  3    Str: 10    XL:     5   Next: 74%
Magic:  4/11       EV: 12    Int: 17    God:
Gold:   75         SH:  0    Dex: 13    Spells: 4/11 levels left

rFire   . . .        a - +0 dagger
rCold   . . .        (no shield)
rNeg    . . .        b - +0 robe
rPois   .            c - +0 hat
rElec   .            (no cloak)
rCorr   .            m - +0 pair of gloves
SInv    .            (boots unavailable)
Will    .....        (no amulet)
Stlth   ++           (no ring)
HPRegen 0.24/turn    (no ring)
MPRegen 0.12/turn

%: acrobat
@: very slightly contaminated
A: beak, talons 3, acrobatic
a: no special abilities


You were on level 3 of the Dungeon.
You visited 1 branch of the dungeon, and saw 3 of its levels.

You collected 75 gold pieces.

Inventory:

Hand Weapons
 a - a +0 dagger (weapon)
Armour
 b - a +0 robe (worn)
 c - a +0 hat (worn)
 m - a +0 pair of gloves (worn)
Scrolls
 e - 2 scrolls of identify {unknown}
 f - 2 scrolls of revelation {unknown}
 i - a scroll of vulnerability {unknown}
 n - a scroll of poison {unknown}
 q - a scroll of blinking {unknown}
Potions
 d - a potion of magic
 g - a potion of heal wounds {unknown}
 h - a potion of ambrosia {unknown}
 j - a potion of enlightenment {unknown}
 k - a potion of brilliance {unknown}
 l - 2 potions of cancellation {unknown}
 o - a potion of curing {unknown}
 p - a potion of berserk rage {unknown}
 r - a potion of lignification {unknown}


   Skills:
 + Level 2.9 Dodging
 + Level 2.8 Stealth
 * Level 3.8 Spellcasting
 + Level 2.7 Conjurations
 + Level 0.6 Hexes
 + Level 2.5 Summonings
 + Level 0.5 Necromancy
 + Level 1.5 Translocations
 + Level 0.9 Air Magic
 + Level 0.2 Alchemy


You had 4 spell levels left.
You knew the following spells:

 Your Spells              Type           Power      Damage    Failure   Level
a - Magic Dart            Conj           48%        1d5       5%          1
b - Call Imp              Summ           24%        N/A       9%          2
c - Blink                 Tloc           16%        N/A       13%         2
d - Slow                  Hex            20%        N/A       12%         1
e - Shock                 Conj/Air       36%        1d5       8%          1

Your spell library contained the following spells:

 Spells                   Type           Power      Damage    Failure   Level
 Cigotuvi's Dreadful Rot  Necr/Alch/Air  10%        N/A       19%         2
 Mephitic Cloud           Conj/Alch/Air  7%         N/A       28%         3
 Swiftness                Air            6%         N/A       32%         3
 Airstrike                Air            3%         2d(1-17)  71%         4


Dungeon Overview and Level Annotations

Branches:
Dungeon (3/15)

Altars:
Gozag


Innate Abilities, Weirdness & Mutations

You have a beak for a mouth.
You have claws for feet.
You can magically evade attacks while moving or waiting.


Message History

The magic dart hits the orc wizard.
The orc wizard is severely wounded.
The orc wizard hits you with a +2 dagger of flaming.
The orc wizard burns you.
Casting: Magic Dart (safe; 5% risk of failure)
Confirm with . or Enter, or press ? or * to list all spells.
Aiming: Magic Dart (safe; 5% risk of failure)
Press: ? - help, Shift-Dir - straight line, f/p - orc wizard
Aim: an orc wizard, wielding a +2 dagger of flaming and wearing a +0 robe (severely wounded, 100% to hit)
The magic dart hits the orc wizard but does no damage.
The orc wizard is severely wounded.
The orc wizard hits you but does no damage.
Casting: Magic Dart (safe; 5% risk of failure)
Confirm with . or Enter, or press ? or * to list all spells.
Aiming: Magic Dart (safe; 5% risk of failure)
Press: ? - help, Shift-Dir - straight line, f/p - orc wizard
Aim: an orc wizard, wielding a +2 dagger of flaming and wearing a +0 robe (severely wounded, 100% to hit)
You miscast Magic Dart.
Nothing appears to happen.
The orc wizard hits you with a +2 dagger of flaming.
The orc wizard burns you.
The gnoll hits you from afar with a +0 halberd!
Casting: Magic Dart (safe; 5% risk of failure)
Confirm with . or Enter, or press ? or * to list all spells.
Aiming: Magic Dart (safe; 5% risk of failure)
Press: ? - help, Shift-Dir - straight line, f/p - orc wizard
Aim: an orc wizard, wielding a +2 dagger of flaming and wearing a +0 robe (severely wounded, 100% to hit)
The magic dart hits the orc wizard but does no damage.
The orc wizard is severely wounded.
The orc wizard closely misses you. The gnoll barely misses you.
Casting: Magic Dart (safe; 5% risk of failure)
Confirm with . or Enter, or press ? or * to list all spells.
Aiming: Magic Dart (safe; 5% risk of failure)
Press: ? - help, Shift-Dir - straight line, f/p - orc wizard
Aim: an orc wizard, wielding a +2 dagger of flaming and wearing a +0 robe (severely wounded, 100% to hit)
The magic dart hits the orc wizard.
The orc wizard is almost dead.
The orc wizard hits you with a +2 dagger of flaming.
The orc wizard burns you.
The gnoll hits you from afar with a +0 halberd!
You die...

. .## §. .§#....#####.###. #.
..#.##....#.....#
#.###.........#.....#
#)............#.....# ##
#.......#.....#.....# ##.
#...g....#....#g....# #..
#........#....)...### #.<
#...^g.......@o.....## #.....
#.......##........#..##.......
#g............###....##..gg#..
####gK.....#.....#
####.#...†...#
#.....######.....######....†..##
#.<...######..#...........). .
####.......#..##............#
###....................###
#####.................


You could see an orc wizard and a gnoll.

Vanquished Creatures
  Natasha (D:2)
  4 adders
  2 gnolls (D:2)
  A dart slug (D:1)
  A ribbon worm (D:2)
  3 orcs (D:3)
  4 bats (D:2)
  4 endoplasms
  A giant cockroach (D:1)
  3 goblins
  3 hobgoblins
  3 jackals (D:1)
  A quokka (D:2)
  3 ball pythons
  6 frilled lizards
  4 kobolds
  4 rats
  A spectral hobgoblin (D:1)
49 creatures vanquished.

Vanquished Creatures (collateral kills)
  Natasha (twice) (D:2)
  A dart slug (D:2)
  An orc (D:2)
  An endoplasm (D:3)
  2 giant cockroaches (D:2)
  2 hobgoblins (D:2)
  A rat (D:2)
10 creatures vanquished.

Grand Total: 59 creatures vanquished

Notes
Turn   | Place    | Note
-------+----------+-------------------------------------------
     0 | D:1      | Hopman the Tengu Hedge Wizard began the quest for the Orb.
     0 | D:1      | Reached XP level 1. HP: 10/10 MP: 5/5
   352 | D:1      | Reached XP level 2. HP: 13/15 MP: 2/7
   418 | D:1      | Found a faded altar of an unknown god.
   543 | D:1      | Reached skill level 1 in Translocations
  1233 | D:1      | Reached XP level 3. HP: 15/19 MP: 2/8
  1387 | D:1      | Learned a level 2 spell: Call Imp
  1390 | D:1      | Learned a level 2 spell: Blink
  1392 | D:1      | Learned a level 1 spell: Slow
  1577 | D:2      | Noticed Natasha
  1731 | D:2      | Found an opulent altar of Gozag.
  1847 | D:2      | Killed Natasha
  1848 | D:2      | Reached XP level 4. HP: 16/24 MP: 0/10
  1862 | D:2      | Learned a level 1 spell: Shock
  1900 | D:2      | Noticed Natasha
  2100 | D:2      | Killed Natasha
  2559 | D:2      | Noticed Natasha
  2568 | D:2      | Killed Natasha
  2569 | D:2      | Reached XP level 5. HP: 24/28 MP: 4/11
  3593 | D:3      | Slain by a gnoll

Illustrated notes

Levels and vault maps discovered:
D:1:      dpeg_arrival_circle_labyrinth_a, layout_loops_corners,
          dreamdust_ecumenical_altar_drowned_temple
D:2:      layout_basic, basic_altar, uniq_natasha
D:3:      layout_rooms, kennysheep_slug_shrine, mainiacjoe_overflow_paths,
          chequers_serial_rivers_marsh

Skill      XL: |  1  2  3 |
---------------+----------+-----
Translocations | 1 |  1.5
Conjurations   | 2 |  2.7
Summonings     | 2 |  2.5
Dodging        | |  2.9
Stealth        | |  2.8
Spellcasting   | |  3.8
Hexes          | |  0.6
Necromancy     | |  0.5
Air Magic      | |  0.9
Alchemy        | |  0.2

Action                     |  1- 3 |  4- 6 || total
---------------------------+-------+-------++-------
  Melee: Dagger            |    14 |    19 ||    33
         Kick              |     5 |     6 ||    11
         Peck              |     1 |     5 ||     6
   Cast: Magic Dart        |    63 |    97 ||   160
         Call Imp          |     4 |    14 ||    18
         Shock             |       |     1 ||     1
   Stab: Sleeping          |     1 |       ||     1
 Armour: Robe              |    21 |    46 ||    67
  Dodge: Dodged            |    36 |    76 ||   112
